 Dungeon Crawl Stone Soup version 0.29-a0-222-g5b244fca1f (webtiles) character file.

Game seed: 36964381250540575

1134 Hasart the Bolt Thrower (level 7, -3/58 HPs)
             Began as a Demigod Hunter on Feb 27, 2022.
             Slain by a gnoll
             ... wielding a +0 halberd
              (5 damage)
             ... on level 5 of the Dungeon.
             The game lasted 00:10:03 (6945 turns).

Hasart the Bolt Thrower (Demigod Hunter)            Turns: 6945, Time: 00:10:03

Health: -3/58      AC:  5    Str: 17    XL:     7   Next: 90%
Magic:  9/9        EV: 14    Int: 13    God:
Gold:   193        SH:  0    Dex: 22    Spells: 6/6 levels left

rFire   . . .      SeeInvis .   r - +5 quick blade of the Saviour {freeze, *Corrode Str+4}
rCold   . . .      Faith    .   (no shield)
rNeg    . . .      Spirit   .   b - +1 leather armour
rPois   .          Reflect  .   (no helmet)
rElec   .          Harm     .   k - +0 cloak
rCorr   .          Rampage  .   (no gloves)
Will    .....                   (no boots)
Stlth   +++.......              (no amulet)
HPRegen 0.19/turn               (no ring)
MPRegen 0.11/turn               (no ring)

@: lethally poisoned (-3 -> -12), attractive
A: high MP 1, forlorn, divine attributes
a: no special abilities


You were on level 5 of the Dungeon.
You visited 2 branches of the dungeon, and saw 7 of its levels.

You collected 673 gold pieces.
You spent 480 gold pieces at shops.

Inventory:

Hand Weapons
 a - a +1 hand crossbow
 r - the +5 quick blade of the Saviour (weapon) {freeze, *Corrode Str+4}
   (You bought it in a shop on level 2 of the Dungeon)

   It freezes those it strikes, dealing additional cold damage.
   It can also slow down cold-blooded creatures.
   Str:       It affects your strength (+4).
   *Corrode:  It may corrode you when you take damage.
Armour
 b - a +1 leather armour (worn)
 k - a +0 cloak (worn)
Jewellery
 f - a ring of protection from fire
 i - a ring of resist corrosion
Wands
 m - a wand of polymorph (7)
 p - a wand of flame (29)
Scrolls
 j - 3 scrolls of enchant armour
 l - 5 scrolls of identify {unknown}
Potions
 c - 2 potions of degeneration {unknown}
 d - a potion of resistance {unknown}
 e - 3 potions of attraction
 h - 2 potions of lignification {unknown}
 n - 2 potions of might {unknown}
 o - 2 potions of ambrosia {unknown}
 q - a potion of cancellation {unknown}


   Skills:
 + Level 3.9 Fighting
 * Level 0.6 Short Blades
 * Level 6.3 Crossbows
 + Level 3.9 Dodging
 + Level 3.9 Stealth
 + Level 2.9 Evocations


You had 6 spell levels left.
You didn't know any spells.
Your spell library contained the following spells:

 Spells                   Type           Power      Damage    Failure   Level
 Foxfire                  Conj/Fire      0%         2x1d4     36%         1
 Ensorcelled Hibernation  Hex/Ice        0%         N/A       50%         2
 Passwall                 Tmut/Erth      0%         N/A       50%         2
 Conjure Flame            Conj/Fire      0%         6-21      75%         3
 Ignite Poison            Fire/Tmut/Pois 0%         N/A       75%         3
 Inner Flame              Hex/Fire       0%         N/A       75%         3
 Swiftness                Air            0%         N/A       75%         3
 Flame Wave               Conj/Fire      0%         2d4       98%         4
 Sticky Flame             Conj/Fire      0%         2d3       98%         4


Dungeon Overview and Level Annotations

Branches:
Dungeon (6/15)             Temple (1/1) D:4

Shops:
D:2 ((??(


Innate Abilities, Weirdness & Mutations

You have an increased reservoir of magic. (+10% MP)
You shall have no god before yourself.
Your divine heritage dramatically boosts your attributes as you level up.


Message History

You feel very sick.
You hit the gnoll. You freeze the gnoll.
The gnoll is severely wounded.
You feel very sick.
The gnoll hits you with a +3 halberd of venom!
* * * LOW HITPOINT WARNING * * *
It was a potion of attraction.
You feel attractive to monsters.
* * * LOW HITPOINT WARNING * * *
You feel very sick. The gnoll hits you but does no damage.
The gnoll is attracted toward you.
Unknown command.
It was a potion of curing.
You feel better. The gnoll closely misses you. The gnoll barely misses you.
Unknown command.
The gnoll hits you from afar with a +3 halberd of venom!
* * * LOW HITPOINT WARNING * * *
You are lethally poisoned!
The gnoll is attracted toward you. x2
You feel better. The gnoll closely misses you.
The gnoll hits you with a +3 halberd of venom!
* * * LOW HITPOINT WARNING * * *
You are lethally poisoned!
Unknown command.
You feel better.
The gnoll hits you from afar with a +0 halberd.
* * * LOW HITPOINT WARNING * * *
The gnoll closely misses you.
Unknown command.
The gnoll closely misses you. The gnoll is attracted toward you. x2
The gnoll hits you from afar with a +3 halberd of venom.
* * * LOW HITPOINT WARNING * * *
You are lethally poisoned!
The gnoll is attracted toward you. x2
You barely miss the gnoll.
The gnoll is severely wounded.
* * * LOW HITPOINT WARNING * * *
You feel sick.
The gnoll hits you from afar with a +0 halberd.
You die...

#.# ### ####.####.## ###
#........... ##.##
##.##.#######
##.#.####...>..##
#.###.....#.....#
##.#.####...@..## ####.###
#####g## #......# #g# #.##.#.#
#§# #.##.#.# ##§## #.##.#.#
##...## #.##...# ##.....##
#.##.#.# ##.......## # .
####......###.........##.#....


You could see 2 gnolls.

Vanquished Creatures
  A sky beast (D:5)
  A black bear (D:5)
  An ogre (D:4)
  A centaur (D:5)
  A phantom (D:5)
  A bullfrog (D:4)
  A scorpion (D:5)
  2 orc priests (D:5)
  A hound (D:5)
  2 gnoll shamans
  4 orc wizards
  3 iguanas
  15 gnolls
  4 adders
  A white imp (D:5)
  An ufetubus (D:5)
  2 worms (D:2)
  6 dart slugs
  9 orcs
  6 ball pythons
  4 endoplasms
  A goblin (D:3)
  8 hobgoblins
  7 kobolds
  2 quokkas
  8 bats
  3 frilled lizards
  7 rats
103 creatures vanquished.

Notes
Turn   | Place    | Note
-------+----------+-------------------------------------------
     0 | D:1      | Hasart the Demigod Hunter began the quest for the Orb.
     0 | D:1      | Reached XP level 1. HP: 17/17 MP: 3/3
    88 | D:1      | Reached skill level 1 in Stealth
   218 | D:1      | Reached XP level 2. HP: 24/24 MP: 4/4
   563 | D:1      | Reached skill level 4 in Crossbows
   959 | D:2      | Found Agiuham's Antique Weapon Shoppe.
   966 | D:2      | Reached XP level 3. HP: 29/29 MP: 5/5
   977 | D:2      | Found Oken's Magic Scroll Boutique.
  1090 | D:2      | Found Saedeu's Antique Weapon Shoppe.
  1160 | D:2      | Reached XP level 4. HP: 21/37 MP: 6/6
  1370 | D:2      | Found Donuott's Weapon Shoppe.
  1441 | D:2      | Found Ofineg's Magic Scroll Boutique.
  2774 | D:4      | Found a staircase to the Ecumenical Temple.
  2859 | D:4      | HP: 1/37 [iguana (13)]
  2864 | Temple   | Entered the Ecumenical Temple
  3293 | D:4      | Reached XP level 5. HP: 30/42 MP: 7/7
  3671 | D:4      | Noticed an ogre
  3814 | D:4      | Reached skill level 1 in Evocations
  3914 | D:4      | Killed an ogre
  3915 | D:4      | Reached skill level 5 in Crossbows
  4049 | D:4      | Reached XP level 6. HP: 40/50 MP: 8/8
  4515 | D:5      | Entered Level 5 of the Dungeon
  5237 | D:5      | Reached XP level 7. HP: 57/57 MP: 9/9
  5781 | D:5      | Reached skill level 6 in Crossbows
  6592 | D:6      | Identified a scroll of acquirement
  6592 | D:6      | Acquired 451 gold pieces
  6709 | D:2      | Bought a pitted quick blade for 480 gold pieces
  6709 | D:2      | Identified the +5 quick blade of the Saviour {freeze,
                  | *Corrode Str+4} (You bought it in a shop on level 2 of the
                  | Dungeon)
  6941 | D:5      | HP: 2/58 [gnoll/+3 halberd of venom (8)]
  6945 | D:5      | Slain by a gnoll

Illustrated notes

Levels and vault maps discovered:
D:1:      minmay_arrival_doors, layout_basic, chequers_ecumenical_altar_simple,
          st_stairs_7
D:2:      layout_rooms, serial_shops, nicolae_shop_hallway_stairs,
          nicolae_shop_waterfront, nicolae_shop_trees, nicolae_lakefront_shop,
          nicolae_shop_waterfront, kennysheep_cross_room
D:3:      layout_basic
D:4:      layout_loops_ring, minmay_temple_entry_arrows, minmay_small_thing
D:5:      layout_loops_corners, dk_rats_in_the_wall
D:6:      layout_basic, uniq_blork_the_orc
Temple:   regret_index_temple_chain_breaker

Skill      XL: |  1  2  3  4  5  6  7 |
---------------+----------------------+-----
Stealth        | 1 2 3 |  3.9
Fighting       | 2 3 |  3.9
Dodging        | 2 3 |  3.9
Crossbows      | 4 5 6 |  6.3
Evocations     | 1 2 |  2.9
Short Blades   | |  0.6

Action                   |  1- 3 |  4- 6 |  7- 9 || total
-------------------------+-------+-------+-------++-------
Melee: Quick blade       |       |       |     9 ||     9
 Fire: Hand crossbow     |   108 |   199 |   117 ||   424
  Use: Scroll            |       |     4 |     3 ||     7
       Potion            |       |       |     4 ||     4
Armor: Leather armour    |    10 |    27 |    14 ||    51
Dodge: Dodged            |    19 |    95 |    45 ||   159

Table legend: (Time is in decaauts)
 A = Elapsed time spent in this place.
 B = Non-inter-level travel time spent in this place.
 C = Inter-level travel time spent in this place.
 D = Time resting spent in this place.
 E = Time spent auto-exploring this place.
 F = Levels seen in this place.
 G = Mean time per level.
                   A        B        C        D        E       F      G
               +--------+--------+--------+--------+--------+-----+--------+
         Total |   7072 |   6730 |    342 |   1144 |   4584 |   7 | 1010.3 |
       Dungeon |   6775 |   6433 |    342 |    849 |   4584 |   6 | 1129.2 |
        Temple |    296 |    296 |      0 |    295 |      0 |   1 |  296.0 |
               +--------+--------+--------+--------+--------+-----+--------+

Top non-repeatable levels by time:
     D:5: 1950 daAuts
     D:4: 1484 daAuts
     D:3: 1187 daAuts
     D:1: 959 daAuts
     D:2: 791 daAuts
     D:6: 402 daAuts
  Temple: 296 daAuts
